 Dungeon Crawl Stone Soup version 0.23.2-33-g5129a83184 (webtiles) character file.

Game seed: 11363840588188472345

208 Descartes the Shield-Bearer (level 6, 0/48 HPs)
             Began as a Formicid Fighter on July 8, 2019.
             Killed from afar by an orc wizard (2 damage)
             ... with a puff of flame
             ... on level 3 of the Dungeon.
             The game lasted 00:04:32 (2097 turns).

Descartes the Shield-Bearer (Formicid Fighter)      Turns: 2097, Time: 00:04:32

Health: 0/48       AC:  7    Str: 20    XL:     6   Next: 11%
Magic:  6/6        EV:  8    Int:  8    God:
Gold:   95         SH:  0    Dex: 12    Spells: 5/5 levels left

rFire    . . .     SeeInvis +   a - +0 war axe
rCold    . . .     Gourm    .   c - +0 shield
rNeg     . . .     Faith    .   b - +0 scale mail
rPois    .         Spirit   .   (helmet unavailable)
rElec    .         Reflect  .   (no cloak)
rCorr    .         Harm     .   (no gloves)
MR       .....                  (no boots)
Stlth    ..........             (no amulet)
HPRegen  0.16/turn              (no ring)
MPRegen  0.10/turn              (no ring)

@: confused
A: permanent stasis, dig shafts and tunnels, four strong arms, antennae 3
a: Dig, Shaft Self


You were on level 3 of the Dungeon.
You were not hungry.

You visited 1 branch of the dungeon, and saw 3 of its levels.

You collected 95 gold pieces.

Inventory:

Hand Weapons
 a - a +0 war axe (weapon)
Missiles
 j - 43 stones (quivered)
Armour
 b - a +0 scale mail (worn)
 c - a +0 shield (worn)
Wands
 q - a wand of disintegration (14)
Scrolls
 e - 2 scrolls of fog {unknown}
 g - 2 scrolls of identify {unknown}
 h - a scroll of remove curse {unknown}
 i - a scroll of enchant weapon {unknown}
 m - a scroll of immolation {unknown}
 n - 2 scrolls of teleportation {unknown}
 r - a scroll of amnesia {unknown}
 t - a scroll of noise {unknown}
 u - 3 scrolls of enchant armour {unknown}
Potions
 d - a potion of might
 k - a potion of flight {unknown}
 l - 2 potions of curing {unknown}
 o - 2 potions of degeneration {unknown}
 p - a potion of cancellation {unknown}
Comestibles
 f - 4 rations
 s - 5 chunks of flesh


   Skills:
 + Level 4.0 Fighting
 * Level 3.4 Axes
 + Level 3.9 Armour
 + Level 2.3 Stealth
 * Level 5.2 Shields


You had 5 spell levels left.
You didn't know any spells.
Your spell library was empty.

Dungeon Overview and Level Annotations

Branches:
Dungeon (3/15)

Altars:


Innate Abilities, Weirdness & Mutations

You cannot be hasted, slowed, berserked, paralysed or teleported.
You can dig through walls and to a lower floor.
Your four strong arms can wield two-handed weapons with a shield.
You have a pair of large antennae on your head. (SInv)


Message History

You resist with some effort.
You hit the orc wizard.
The orc wizard is severely wounded.
You closely miss the orc. You block the orc's attack.
The orc wizard points at you and mumbles some strange words.
You are confused.
The orc closely misses you.
You bump into the rock wall.
The orc wizard hits you but does no damage.
The orc hits you but does no damage.
You bump into the rock wall.
The orc wizard barely misses you. The orc hits you.
* * * LOW HITPOINT WARNING * * *
The orc wizard casts a spell at you.
You are more confused.
Items here: $ ) [[ †† You barely miss the orc.
The orc wizard points at you and mumbles some strange words.
The puff of flame hits you.
You die...

#.#...........#.)##.#
.######[#...####.#.(..).#.##
...[....#<#...##.##.#.#)...#####
.......##.###....##...#........#
........#.###..#.###..#........#
........#.##..##.###..#........#
........#....###..#.........)..#
..........#######)....(........#
..........<....@oo.............#
.........#########.............#
#...........# ##............#
###....))...# #....#########
#...........# #....#
..#.........# ######
.#..........# ##.........#
#.........#


You could see an orc wizard and an orc.

Vanquished Creatures
  An orc priest (D:3)
  An orc wizard (D:3)
  An iguana (D:3)
  A worker ant (D:3)
  2 adders
  An ooze (D:1)
  2 worms
  4 dart slugs
  2 leopard geckos (D:2)
  5 orcs (D:3)
  6 giant cockroaches
  5 goblins
  9 hobgoblins
  4 kobolds
  2 quokkas (D:2)
  A ball python (D:1)
  7 bats
  4 frilled lizards
  6 rats
64 creatures vanquished.

Notes
Turn   | Place    | Note
-------+----------+-------------------------------------------
     0 | D:1      | Descartes the Formicid Fighter began the quest for the Orb.
     0 | D:1      | Reached XP level 1. HP: 18/18 MP: 1/1
   220 | D:1      | Reached XP level 2. HP: 22/24 MP: 2/2
   277 | D:1      | Reached skill level 4 in Shields
   377 | D:1      | Reached XP level 3. HP: 17/29 MP: 3/3
   578 | D:1      | Reached skill level 1 in Stealth
  1208 | D:2      | Reached XP level 4. HP: 35/35 MP: 4/4
  1747 | D:3      | Reached XP level 5. HP: 24/42 MP: 5/5
  1948 | D:3      | Found a faded altar of an unknown god.
  1971 | D:3      | Reached skill level 5 in Shields
  2084 | D:3      | HP: 1/42 [orc priest/divine providence (16)]
  2089 | D:3      | Reached XP level 6. HP: 2/48 MP: 6/6
  2093 | D:3      | HP: 1/48 [orc (2)]
  2097 | D:3      | Killed from afar by an orc wizard

Skill      XL: |  1  2  3  4  5 |
---------------+----------------+-----
Shields        | 4 5 |  5.2
Stealth        | 1 2 |  2.3
Axes           | 3 |  3.4
Fighting       | 4 |  4.0
Armour         | |  3.9

Action                   |  1- 3 |  4- 6 || total
-------------------------+-------+-------++-------
Melee: War axe           |   104 |   115 ||   219
  Eat: Chunk             |     1 |     3 ||     4
Armor: Scale mail        |    46 |    47 ||    93
Dodge: Dodged            |    41 |    51 ||    92
Block: Shield            |    68 |    73 ||   141
